 Dungeon Crawl Stone Soup version 0.31-a0-152-g6aa68a64a1 (webtiles) character file.

Game seed: 1950321346546199573

268 comborobin the Cutter (level 6, -2/36 HPs)
             Began as a Deep Elf Delver on June 10, 2023.
             Slain by a gnoll sergeant
             ... wielding a +0 trident of protection
              (10 damage)
             ... on level 7 of the Dungeon.
             The game lasted 00:03:08 (1416 turns).

comborobin the Cutter (Deep Elf Delver)             Turns: 1416, Time: 00:03:09

Health: -2/36      AC:  3    Str:  9    XL:     6   Next: 0%
Magic:  9/17       EV: 13    Int: 15    God:
Gold:   13         SH:  0    Dex: 24    Spells: 5/5 levels left

rFire   . . .        a - +0 rapier
rCold   . . .        (no shield)
rNeg    . . .        b - +0 leather armour
rPois   .            (no helmet)
rElec   .            (no cloak)
rCorr   .            (no gloves)
SInv    .            (no boots)
Will    .....        (no amulet)
Stlth   ++++         f - +6 ring of dexterity
HPRegen 0.26/turn    i - ring of magical power
MPRegen 0.15/turn

%: no passive effects
@: no status effects
A: no striking features
a: no special abilities


You were on level 7 of the Dungeon.
You visited 1 branch of the dungeon, and saw 6 of its levels.

You collected 13 gold pieces.

Inventory:

Hand Weapons
 a - a +0 rapier (weapon)
Armour
 b - a +0 leather armour (worn)
 h - a +1 chain mail of poison resistance
Jewellery
 f - a +6 ring of dexterity (left hand)
 i - a ring of magical power (right hand)
Scrolls
 c - 2 scrolls of fog
 d - a scroll of magic mapping
 e - a scroll of immolation {unknown}
 j - 4 scrolls of identify {unknown}


   Skills:
 - Level 2.4 Fighting
 + Level 6.3 Short Blades
 - Level 2.4 Dodging
 - Level 6.0 Stealth


You had 5 spell levels left.
You didn't know any spells.
Your spell library was empty.

Dungeon Overview and Level Annotations

Branches:
Dungeon (7/15)
 Temple: D:4-7

Altars:
Ashenzari
Wu Jian

Shops:
D:4 :

Annotations:
D:4 Eustachio
D:6 exclusion: sky beast


Message History

You feel agile.
f - a +6 ring of dexterity (left hand)
There is an escape hatch in the floor here.
You feel your magic capacity increase.
i - a ring of magical power (right hand)
You slide downwards.
The hatch slams shut behind you.
The howler monkey howls! x2
The howler monkey hoots and howls with incredible vigour!
The howler monkey hoots and howls with incredible vigour!
You hear a shout! x3; You hear an angry hiss.
You hear a shout!
A gnoll comes into view. It is wielding a +0 club.
The howler monkey hoots and howls with incredible vigour!
A gnoll sergeant comes into view.
It is wielding a +0 trident of protection.
A gnoll comes into view. It is wielding a +2 whip of holy wrath.
You hit the howler monkey.
The howler monkey is moderately wounded.
The gnoll hits you from afar with a +0 spear.
The howler monkey misses you.
You aren't carrying any potions.
Unknown command.
Aiming: Dig
Press: ? - help, Shift-Dir - straight line A rock wall.
The rock shatters into small pieces.
The now-empty wand crumbles to dust.
A sleepcap comes into view.
The gnoll hits you from afar with a +0 spear!
The howler monkey misses you.
A steam dragon comes into view.
The gnoll hits you from afar with a +0 spear.
The gnoll misses you.
The gnoll sergeant hits you with a +0 trident of protection.
The sleepcap closely misses you.
The howler monkey hoots and howls with incredible vigour!
There is a stone staircase leading up here.
The sleepcap releases spores at you. The gnoll misses you.
The gnoll closely misses you. The gnoll hits you with a +0 club.
* * * LOW HITPOINT WARNING * * *
The gnoll sergeant hits you from afar with a +0 trident of protection!
You die...

.. . . .... .
#.#.### .#
##....##. ###
...#... ...
#....###..
#.##..f#.#.#
#.....@g#.#
#..##.g#g#######
###.h
#.g..hh.h..#..h...
.......######...#
.....D.# #####
#.###:.# #. #..# .
...# ##..


You could see a steam dragon, a sleepcap, a gnoll sergeant, 2 howler monkeys and
3 gnolls.

Vanquished Creatures
  An ogre (D:5)
  A scorpion (D:6)
  A hound (D:5)
  An orc priest (D:4)
  An iguana (D:6)
  An adder (D:3)
  4 orcs
  3 endoplasms
  2 giant cockroaches
  2 goblins (D:3)
  3 hobgoblins
  A quokka (D:2)
  A ball python (D:3)
  2 frilled lizards (D:3)
  A kobold (D:3)
  2 rats (D:2)
27 creatures vanquished.

Notes
Turn   | Place    | Note
-------+----------+-------------------------------------------
     0 | D:5      | comborobin the Deep Elf Delver began the quest for the Orb.
     0 | D:5      | Reached XP level 1. HP: 13/13 MP: 3/3
     1 | D:6      | Noticed an iguana
    64 | D:5      | Noticed a scorpion
    76 | D:5      | Noticed a hound
    82 | D:5      | Noticed a gnoll bouda
    83 | D:5      | Killed a hound
    84 | D:5      | Reached XP level 2. HP: 11/18 MP: 4/4
    84 | D:5      | Reached XP level 3. HP: 14/22 MP: 5/5
   232 | D:4      | Found Obilibaf's Vocational Training.
   240 | D:4      | Noticed Eustachio
   312 | D:4      | Reached XP level 4. HP: 27/27 MP: 6/6
   598 | D:3      | Found an ornate altar of the Wu Jian Council.
   968 | D:4      | Noticed a scorpion
   968 | D:4      | Found a broken altar of Ashenzari.
  1064 | D:5      | Noticed an ogre
  1069 | D:5      | Killed an ogre
  1070 | D:5      | Reached skill level 5 in Short Blades
  1070 | D:5      | Reached XP level 5. HP: 26/31 MP: 7/7
  1322 | D:6      | Noticed a sky beast
  1325 | D:7      | Noticed a sky beast
  1369 | D:6      | Reached XP level 6. HP: 36/36 MP: 8/8
  1413 | D:7      | Noticed a steam dragon
  1416 | D:7      | Slain by a gnoll sergeant

Illustrated notes

Levels and vault maps discovered:
D:2:      layout_basic, basic_altar, serial_corexii_hall,
          corexii_hall_statues_t, chequers_hall_statues_wall_a,
          corexii_hall_statues_i, chequers_hall_statues_wall_a,
          corexii_hall_statues_s, corexii_hall_statues_l
D:3:      layout_rooms, nzn_wu_jian_council_hall
D:4:      layout_basic, kennysheep_little_box, evilmike_ruin_ashenzari,
          nicolae_shop_vocational, uniq_robin, uniq_eustachio
D:5:      layout_basic, makhleb_grotto_becter, gammafunk_ghost_nasty_kobolds
D:6:      nicolae_BIG_FREAKIN_CUBE, layout_basic, hangedman_glass_teeth
D:7:      layout_loops_ring, temple_green, grunt_ogre_cave, uniq_pikel

Skill      XL: |  1  2  3  4  5 |
---------------+----------------+-----
Short Blades   | 3 4 5 6 |  6.3
Fighting       | |  2.4
Dodging        | |  2.4
Stealth        | |  6.0

Action                     |  1- 3 |  4- 6 || total
---------------------------+-------+-------++-------
  Melee: Rapier            |     9 |    65 ||    74
         Unarmed           |     5 |     1 ||     6
         Punch             |       |     1 ||     1
  Evoke: Wand              |     1 |     2 ||     3
    Use: Potion            |     3 |     3 ||     6
         Scroll            |     2 |     1 ||     3
   Stab: Sleeping          |     3 |     6 ||     9
 Armour: Leather armour    |     2 |     9 ||    11
         Skin              |     2 |     1 ||     3
  Dodge: Dodged            |     4 |    41 ||    45

Table legend: (Time is in decaauts)
 A = Elapsed time spent in this place.
 B = Non-inter-level travel time spent in this place.
 C = Inter-level travel time spent in this place.
 D = Time resting spent in this place.
 E = Time spent auto-exploring this place.
 F = Levels seen in this place.
 G = Mean time per level.
                   A        B        C        D        E       F      G
               +--------+--------+--------+--------+--------+-----+--------+
         Total |   1392 |   1201 |    191 |    354 |    438 |   6 |  232.0 |
       Dungeon |   1392 |   1201 |    191 |    354 |    438 |   6 |  232.0 |
               +--------+--------+--------+--------+--------+-----+--------+

Top non-repeatable levels by time:
     D:3: 611 daAuts
     D:6: 290 daAuts
     D:4: 241 daAuts
     D:5: 169 daAuts
     D:2: 66 daAuts
     D:7: 12 daAuts
